 Dungeon Crawl Stone Soup version 0.31-a0-731-ga75f04deac (webtiles) character file.

Game seed: 4877878440790157783

4513 MacCMillion the Carver (level 10, -1/61 HPs)
             Began as a Tengu Gladiator on Sept 12, 2023.
             Was a Follower of Qazlal.
             Slain by Erolcha
             ... wielding a +1 spectral giant spiked club
              (35 damage)
             ... on level 9 of the Dungeon.
             The game lasted 00:16:01 (8164 turns).

MacCMillion the Carver (Tengu Gladiator)            Turns: 8164, Time: 00:16:02

Health: -1/61      AC:  7    Str: 15    XL:     10   Next: 39%
Magic:  11/11      EV: 24    Int:  8    God:    Qazlal [*.....]
Gold:   567        SH:  2    Dex: 20    Spells: 9/9 levels left

rFire   . . .        a - +0 long sword
rCold   . . .        (no shield)
rNeg    . . .        f - +0 ring mail
rPois   .            c - +0 hat
rElec   .            (no cloak)
rCorr   .            G - +0 pair of gloves
SInv    .            (boots unavailable)
Will    +....        z - amulet of regeneration
Stlth   +            n - +5 ring of evasion
HPRegen 1.10/turn    E - ring of willpower
MPRegen 0.12/turn

%: acrobat
@: flying
A: beak, talons 3, evasive flight, acrobatic
a: Renounce Religion


You were on level 9 of the Dungeon.
You worshipped Qazlal.
Qazlal was aware of your devotion.
You visited 1 branch of the dungeon, and saw 9 of its levels.

You collected 567 gold pieces.

Inventory:

Hand Weapons
 a - a +0 long sword (weapon)
 o - a +0 rapier
Missiles
 d - 4 throwing nets (quivered)
 e - 5 javelins
Armour
 b - a +0 leather armour
 c - a +0 hat (worn)
 f - a +0 ring mail (worn)
 p - a +0 chain mail
 G - a +0 pair of gloves (worn)
Jewellery
 h - a ring of wizardry
 m - an amulet of guardian spirit
 n - a +5 ring of evasion (left hand)
 w - a ring of ice
 z - an amulet of regeneration (around neck)
 C - a ring of poison resistance
 E - a ring of willpower (right hand)
 K - a ring of positive energy
 L - a ring of protection from cold
 N - a ring of ice
 R - a +6 ring of dexterity
 Y - an amulet of reflection
Wands
 D - a wand of paralysis (8)
 I - a wand of mindburst (29)
 O - a wand of polymorph (6)
 W - a wand of roots (10)
Scrolls
 k - 2 scrolls of poison
 s - 2 scrolls of noise {unknown}
 u - 2 scrolls of immolation
 v - 2 scrolls of fear
 y - a scroll of amnesia {unknown}
 A - a scroll of enchant weapon {unknown}
 F - a scroll of blinking {unknown}
 H - a scroll of torment {unknown}
 J - a scroll of acquirement {unknown}
 P - a scroll of enchant armour {unknown}
 Q - a scroll of vulnerability {unknown}
 T - 2 scrolls of revelation
 X - a scroll of silence {unknown}
Potions
 g - 3 potions of lignification
 i - a potion of enlightenment {unknown}
 j - 4 potions of attraction
 l - 2 potions of degeneration
 q - 4 potions of curing
 r - a potion of berserk rage {unknown}
 x - 2 potions of brilliance
 B - a potion of resistance {unknown}
 M - a potion of ambrosia {unknown}
 S - 3 potions of might
 U - a potion of mutation {unknown}
 V - 3 potions of heal wounds


   Skills:
 + Level 6.4 Fighting
 + Level 11.7 Long Blades
 - Level 2.0 Throwing
 + Level 6.6 Armour
 + Level 7.5 Dodging


You had 9 spell levels left.
You didn't know any spells.
Your spell library contained the following spells:

 Spells                   Type           Power      Damage    Failure   Level
 Foxfire                  Conj/Fire      0%         2x1d4     61%         1
 Blink                    Tloc           0%         N/A       75%         2
 Ensorcelled Hibernation  Hex/Ice        0%         N/A       75%         2
 Lesser Beckoning         Tloc           0%         N/A       75%         2
 Momentum Strike          Conj/Tloc      0%         3d8       75%         2
 Passwall                 Tmut/Erth      0%         N/A       75%         2
 Poisonous Vapours        Pois/Air       0%         N/A       75%         2
 Inner Flame              Hex/Fire       0%         N/A       93%         3
 Mephitic Cloud           Conj/Pois/Air  0%         N/A       93%         3
 Ozocubu's Armour         Ice            0%         N/A       93%         3
 Swiftness                Air            0%         N/A       93%         3
 Freezing Cloud           Conj/Ice/Air   0%         6-21      100%        5
 Metabolic Englaciation   Hex/Ice        0%         N/A       100%        5
 Yara's Violent Unravell  Hex/Tmut       0%         3d3       100%        5
 Plasma Beam              Fire/Air       0%         2x1d10    100%        6
 Simulacrum               Ice/Necr       0%         N/A       100%        6
 Starburst                Conj/Fire      0%         6d3       100%        6
 Enfeeble                 Hex            0%         N/A       100%        7


Dungeon Overview and Level Annotations

Branches:
Dungeon (9/15)             Temple (0/1) D:7
   Lair: D:8-11         Orc: D:9-12

Altars:
Cheibriados
Dithmenos
Fedhas
Kikubaaqudgha
Nemelex Xobeh
Okawaru
Qazlal
Ru
Trog
Vehumet
Wu Jian

Annotations:
D:2 1 runed translucent door, Crazy Yiuf
D:3 2 transporters, Markself's ghost, amateur DEHu
D:4 2 transporters, ogre
D:5 3 runed translucent doors, Talonman3's ghost, novice AtRe
D:9 Erolcha


Innate Abilities, Weirdness & Mutations

You have a beak for a mouth.
You have claws for feet.
Your magical flight helps you evade attacks. (EV +4)
You can magically evade attacks while moving or waiting.


Message History

You closely miss something. You claw something. Qazlal accepts your kill.
Reactivating autopickup.
You feel a bit more experienced.
Things that are here:
a +0 dagger; a +0 robe; an orc corpse
Items here: )) [ †.
HP restored.
You see here 6 stones.
Erolcha shouts!
Erolcha is nearby!
Okay, then.
You start waiting.
Erolcha is nearby!
Erolcha zaps a wand.
You resist with almost no effort.
Erolcha zaps a wand.
You resist with almost no effort.
You hit Erolcha but do no damage. You claw Erolcha, but do no damage.
You punch Erolcha.
Erolcha is lightly wounded.
Erolcha completely misses you.
The +1 spectral giant spiked club misses you.
A +1 spectral giant spiked club comes into view.
You hit Erolcha.
Erolcha is lightly wounded.
You hit Erolcha. You claw Erolcha! You peck Erolcha.
Erolcha is moderately wounded.
Erolcha hits you with a +1 spectral giant spiked club!!
The +1 spectral giant spiked club completely misses you.
You hit Erolcha but do no damage. You claw Erolcha, but do no damage.
Erolcha is moderately wounded.
You hit Erolcha but do no damage. Your kick misses Erolcha.
Erolcha is moderately wounded.
Erolcha casts a spell.
Erolcha flickers and vanishes!
Deactivating autopickup; reactivate with Ctrl-A.
You slash something! Your kick misses something. Your peck misses something.
The +1 spectral giant spiked club disappears.
Something hits you!!
Ouch! That really hurt!
You die...

#.......... #..#.)..# #
#.......... # ##.......#
######..........####.......#).###
..................##.##.####.....
..####............##.##.## #..###
..# ###.................###..###
..# ##.##.#.#...............#..
.## ###.....#.#......#...........
.# #..........{@....#...........
## #.#(........[°.......#..##...
#####.#....<.....##.##...#..##...
.........#......................)
....####.#..#..####.#..........##
##..................'..........#
##.#####.#..........#..........#
##.##....#......###.#.###########
##.##...##............###### #.


There were no monsters in sight!

Vanquished Creatures
  Pikel (D:9)
  A troll (D:9)
  5 yaks
  Eustachio (D:6)
  An acid dragon (D:8)
  A water moccasin (D:8)
  An orc warrior (D:9)
  2 sky beasts
  A black bear (D:5)
  3 ogres (D:4)
  5 centaurs
  A phantom (D:5)
  2 bullfrogs
  A kobold brigand (D:9)
  4 scorpions
  3 wights (D:8)
  5 killer bees (D:6)
  2 howler monkeys (D:9)
  4 jellies
  An orc priest (D:8)
  5 hounds (D:5)
  6 iguanas
  2 sleepcaps (D:7)
  2 orc wizards
  7 adders
  3 gnolls (D:4)
  3 white imps
  2 ufetubi
  3 worms
  2 dart slugs
  19 orcs
  3 bats
  7 endoplasms
  9 giant cockroaches
  12 goblins
  7 hobgoblins
  11 kobolds
  4 quokkas
  5 ball pythons
  2 frilled lizards
  4 rats
163 creatures vanquished.

Notes
Turn   | Place    | Note
-------+----------+-------------------------------------------
     0 | D:1      | MacCMillion the Tengu Gladiator began the quest for the
                  | Orb.
     0 | D:1      | Reached XP level 1. HP: 12/12 MP: 2/2
   237 | D:1      | Reached XP level 2. HP: 17/17 MP: 3/3
   251 | D:1      | Reached skill level 4 in Long Blades
   824 | D:1      | Reached XP level 3. HP: 21/21 MP: 4/4
  1322 | D:2      | Reached skill level 5 in Long Blades
  1405 | D:2      | Reached XP level 4. HP: 26/26 MP: 5/5
  1830 | D:2      | Found a runed translucent door.
  1831 | D:2      | Noticed Crazy Yiuf
  1919 | D:3      | Found a faded altar of an unknown god.
  1989 | D:3      | Reached skill level 6 in Long Blades
  1989 | D:3      | Reached XP level 5. HP: 30/30 MP: 6/6
  2027 | D:3      | Found a blossoming altar of Fedhas.
  2103 | D:3      | Found a transporter.
  2107 | D:3      | Found a transporter.
  2107 | D:3      | Noticed Markself's ghost (amateur DEHu)
  2248 | D:3      | Found a sacrificial altar of Ru.
  2477 | D:3      | Found an ancient bone altar of Kikubaaqudgha.
  2683 | D:4      | Noticed a centaur
  2878 | D:4      | Reached skill level 7 in Long Blades
  2878 | D:4      | Reached XP level 6. HP: 34/35 MP: 7/7
  2989 | D:4      | Reached skill level 8 in Long Blades
  2993 | D:4      | Gained mutation: Your magical flight helps you evade
                  | attacks. (EV +4) [Tengu growth]
  2993 | D:4      | Reached XP level 7. HP: 21/40 MP: 8/8
  3158 | D:4      | Noticed a two-headed ogre
  3320 | D:4      | Found a transporter.
  3329 | D:4      | Found a transporter.
  3480 | D:4      | Reached skill level 9 in Long Blades
  3613 | D:4      | Found an ornate altar of the Wu Jian Council.
  3987 | D:5      | Entered Level 5 of the Dungeon
  4071 | D:5      | Found a stormy altar of Qazlal.
  4114 | D:5      | Became a worshipper of Qazlal Stormbringer
  4166 | D:5      | Reached skill level 10 in Long Blades
  4204 | D:5      | Reached XP level 8. HP: 44/44 MP: 9/9
  4206 | D:5      | Reached skill level 1 in Armour
  4221 | D:5      | Found a runed translucent gate.
  4221 | D:5      | Found a runed translucent gate.
  4221 | D:5      | Found a runed translucent gate.
  4231 | D:5      | Noticed Talonman3's ghost (novice AtRe)
  4242 | D:5      | Found a snail-covered altar of Cheibriados.
  4400 | D:5      | Found a sparkling altar of Nemelex Xobeh.
  4633 | D:5      | Found an iron altar of Okawaru.
  5522 | D:6      | Noticed Eustachio
  5533 | D:6      | Killed Eustachio
  6206 | D:7      | Reached skill level 5 in Dodging
  6218 | D:7      | Found a staircase to the Ecumenical Temple.
  6265 | D:7      | Noticed a yak
  6265 | D:7      | Noticed a yak
  6266 | D:7      | Noticed a yak
  6266 | D:7      | Noticed a yak
  6288 | D:6      | Killed a yak
  6289 | D:6      | Reached XP level 9. HP: 42/52 MP: 10/10
  6868 | D:7      | Reached skill level 5 in Fighting
  6876 | D:7      | Reached skill level 11 in Long Blades
  6876 | D:7      | Reached skill level 5 in Armour
  7162 | D:7      | Reached * piety under Qazlal
  7276 | D:8      | Found a bloodstained altar of Trog.
  7301 | D:8      | Found a radiant altar of Vehumet.
  7340 | D:8      | Reached XP level 10. HP: 60/60 MP: 11/11
  7374 | D:8      | Found a shadowy altar of Dithmenos.
  7726 | D:9      | Noticed Pikel
  7733 | D:9      | Killed Pikel
  7760 | D:9      | Noticed Erolcha
  8164 | D:9      | Slain by Erolcha

Illustrated notes

Levels and vault maps discovered:
D:1:      evilmike_arrival_hilbert_curve, layout_basic
D:2:      layout_loops_ring, uniq_crazy_yiuf_cottage
D:3:      layout_loops_ring, fedhas_altar_3, marbit_many_paths,
          mainiacjoe_overflow_paths, basic_ecumenical_altar,
          gammafunk_ghost_arena, kennysheep_cross_room
D:4:      gammafunk_steamed_eel, layout_loops_ring, kennysheep_mini_moat,
          gammafunk_temple_overflow_statue
D:5:      layout_loops_ring, nemelex_spade_bored_becter,
          mainiacjoe_overflow_alcove_2, cheibriados_altar_1,
          nicolae_qazlal_eye_of_the_storm, gammafunk_ghost_necromancy,
          grunt_ministairs_14
D:6:      layout_layer_cave, uniq_eustachio
D:7:      layout_basic, minmay_temple_entry_arrows
D:8:      layout_rooms, lemuel_crystal_altar,
          mainiacjoe_overflow_small_starburst, fiery_altar_vehumet
D:9:      layout_basic, zin_academy, overflow_temple_1_default,
          david_lair_shrubbed, gammafunk_ghost_grave, uniq_pikel, uniq_erolcha

Skill      XL: |  1  2  3  4  5  6  7  8  9 10 |
---------------+-------------------------------+-----
Long Blades    | 4 5 6 7 8 10 11 | 11.7
Armour         | 3 5 6 |  6.6
Dodging        | 5 6 7 |  7.5
Fighting       | 4 5 6 |  6.4
Throwing       | |  2.0

Action                     |  1- 3 |  4- 6 |  7- 9 | 10-12 || total
---------------------------+-------+-------+-------+-------++-------
  Melee: Long sword        |    64 |   105 |   275 |    75 ||   519
         Kick              |    16 |    35 |    79 |    32 ||   162
         Peck              |     9 |    17 |    61 |    20 ||   107
         Punch             |       |     1 |     2 |     2 ||     5
         Unarmed           |       |       |     3 |       ||     3
    Use: Scroll            |       |       |     5 |     6 ||    11
 Armour: Ring mail         |    29 |    33 |    70 |    28 ||   160
         Leather armour    |     1 |       |       |       ||     1
         Skin              |       |       |     1 |       ||     1
  Dodge: Dodged            |    49 |    95 |   296 |    93 ||   533
  Block: Other             |       |       |     1 |     1 ||     2

Table legend: (Time is in decaauts)
 A = Elapsed time spent in this place.
 B = Non-inter-level travel time spent in this place.
 C = Inter-level travel time spent in this place.
 D = Time resting spent in this place.
 E = Time spent auto-exploring this place.
 F = Levels seen in this place.
 G = Mean time per level.
                   A        B        C        D        E       F      G
               +--------+--------+--------+--------+--------+-----+--------+
         Total |   8143 |   7748 |    395 |    890 |   5158 |   9 |  904.8 |
       Dungeon |   8143 |   7748 |    395 |    890 |   5158 |   9 |  904.8 |
               +--------+--------+--------+--------+--------+-----+--------+

Top non-repeatable levels by time:
     D:6: 1574 daAuts
     D:1: 1217 daAuts
     D:4: 1101 daAuts
     D:3: 970 daAuts
     D:5: 961 daAuts
     D:2: 716 daAuts
     D:7: 661 daAuts
     D:8: 624 daAuts
     D:9: 315 daAuts
